 Seeded DCSS version 0.28-a0-919-g0b5b508569 (webtiles) character file.

Game seed: 20211126 (custom seed)

2651 a11behringer the Carver (level 9, -4/68 HPs)
             Began as a Formicid Fighter on Nov 26, 2021.
             Was a Believer of Okawaru.
             Slain by a ten-headed hydra (8 damage)
             ... on level 8 of the Dungeon.
             The game lasted 00:22:23 (8198 turns).

a11behringer the Carver (Formicid Fighter)          Turns: 8198, Time: 00:22:24

Health: -4/68      AC: 15    Str: 28    XL:     9   Next: 93%
Magic:  18/20      EV: 13    Int:  8    God:    Okawaru [**....]
Gold:   426        SH:  6    Dex: 10    Spells: 8/8 levels left

rFire   + . .      SeeInvis +   a - +0 long sword
rCold   . . .      Faith    .   x - +0 buckler of Wu Jian's Grace {rF+ Will+ MP+9 Str-2}
rNeg    . . .      Spirit   .   m - +0 plate armour
rPois   .          Reflect  .   (helmet unavailable)
rElec   .          Harm     .   (no cloak)
rCorr   .          Rampage  .   (no gloves)
Will    +....                   (no boots)
Stlth   ..........              (no amulet)
HPRegen 0.21/turn               d - +4 ring of evasion
MPRegen 0.17/turn               D - +6 ring of strength

@: mighty, heroic
A: permanent stasis, dig shafts and tunnels, antennae 3, four strong arms
a: Dig, Shaft Self, Renounce Religion, Heroism


You were on level 8 of the Dungeon.
You worshipped Okawaru.
Okawaru was pleased with you.
You visited 1 branch of the dungeon, and saw 8 of its levels.

You collected 426 gold pieces.

Inventory:

Hand Weapons
 a - a +0 long sword (weapon)
 l - a +0 hunting sling
 B - a +0 great sword
Missiles
 e - 4 javelins
 o - 3 boomerangs
 t - 25 poisoned darts
Armour
 b - a +0 scale mail
 c - a +0 buckler
 i - a +0 chain mail
 m - a +0 plate armour (worn)
 u - the +0 chain mail of Lam Ras {rF+ Int+2}
   (You found it on level 5 of the Dungeon)

   Int:       It affects your intelligence (+2).
   rF:        It protects you from fire.
 x - the +0 buckler of Wu Jian's Grace (worn) {rF+ Will+ MP+9 Str-2}
   (You acquired it on level 5 of the Dungeon)

   Str:       It affects your strength (-2).
   rF:        It protects you from fire.
   MP:        It affects your magic capacity (+9).
   Will:      It increases your willpower.
Jewellery
 d - a +4 ring of evasion (left hand)
 D - a +6 ring of strength (right hand)
 E - a ring of positive energy
 H - a ring of wizardry
Wands
 n - a wand of charming (20)
 G - a wand of flame (32)
Scrolls
 g - 2 scrolls of fear
 j - a scroll of immolation
 s - 2 scrolls of vulnerability
 v - 2 scrolls of acquirement
 y - a scroll of brand weapon {unknown}
 F - a scroll of enchant weapon {unknown}
 I - a scroll of identify
Potions
 f - 2 potions of resistance
 h - 3 potions of curing
 k - 2 potions of attraction
 p - a potion of brilliance
 q - 2 potions of berserk rage
 z - 4 potions of heal wounds {unknown}
 A - a potion of magic {unknown}
 C - 2 potions of cancellation {unknown}
Miscellaneous
 r - a piece from Xom's chessboard (15/15)


   Skills:
 + Level 5.6(10.6) Fighting
 * Level 9.7(14.7) Long Blades
 + Level 7.0(12.0) Armour
 - Level 0.6(5.6) Dodging
 + Level 5.8(10.8) Shields
 * Level 3.3 Invocations


You had 8 spell levels left.
You didn't know any spells.
Your spell library contained the following spells:

 Spells                   Type           Power      Damage    Failure   Level
 Pain                     Necr           0%         1d4       97%         1
 Ignite Poison            Fire/Tmut/Pois 0%         N/A       100%        3
 Mephitic Cloud           Conj/Pois/Air  0%         N/A       100%        3
 Vampiric Draining        Necr           0%         2d6       100%        3
 Freezing Cloud           Conj/Ice/Air   0%         6-21      100%        5
 Animate Skeleton         Necr           Unusable   N/A       N/A         1

Dungeon Overview and Level Annotations

Branches:
Dungeon (8/15)             Temple (0/1) D:7
   Lair: D:8-11

Altars:
Fedhas
Okawaru
Ru
Sif Muna
Trog
Uskayaw
Xom
Zin
The Shining One

Shops:
D:6 *

Portals:
Abyss: D:3

Annotations:
D:3 2 transporters, ddubois's ghost, amateur PaAK


Innate Abilities, Weirdness & Mutations

You cannot be hasted, slowed, berserked, paralysed or teleported.
You can dig through walls and to a lower floor.
You have a pair of large antennae on your head. (SInv)
Your four strong arms can wield two-handed weapons with a shield.


Message History

The eight-headed hydra bites you but does no damage.
The eight-headed hydra closely misses you.
The eight-headed hydra bites you! The eight-headed hydra bites you. x5
You gain the combat prowess of a mighty hero.
The eight-headed hydra bites you but does no damage.
The eight-headed hydra closely misses you.
The eight-headed hydra bites you but does no damage.
The eight-headed hydra bites you.
You block the eight-headed hydra's attack. x2
The eight-headed hydra barely misses you.
The eight-headed hydra bites you!
You hack one of the eight-headed hydra's heads off!
The seven-headed hydra grows two more!
You slice the nine-headed hydra!!
The nine-headed hydra is moderately wounded.
The howler monkey hits you.
You block the nine-headed hydra's attack. x2
The nine-headed hydra barely misses you.
The nine-headed hydra bites you.
* * * LOW HITPOINT WARNING * * *
The nine-headed hydra barely misses you.
The nine-headed hydra bites you but does no damage.
The nine-headed hydra barely misses you.
The nine-headed hydra misses you. The nine-headed hydra bites you!
* * * LOW HITPOINT WARNING * * *
You slice one of the nine-headed hydra's heads off!
The eight-headed hydra grows two more!
You slice the ten-headed hydra!!
The ten-headed hydra is heavily wounded.
The howler monkey hoots and howls with incredible vigour! x2
You hear an angry hiss.
You barely miss the ten-headed hydra.
The ten-headed hydra is heavily wounded.
You block the howler monkey's attack.
You block the ten-headed hydra's attack.
The ten-headed hydra misses you.
The ten-headed hydra closely misses you.
The ten-headed hydra bites you but does no damage.
You block the ten-headed hydra's attack.
The ten-headed hydra closely misses you.
The ten-headed hydra bites you!
You die...

#. #..##.#
##.. #. #..#
.# . #..# .
#..# . #..#
#..# # #
#..##.##..
#.###.......h.
#..@D.|h#!....
#.##h#### ....
# ..... ###
###.### #.#
#.# #.# #.#


You could see a ten-headed hydra and 2 howler monkeys.

Vanquished Creatures
  Grinder (D:3)
  A wraith (D:6)
  3 yaks (D:8)
  A water moccasin (D:7)
  An orc warrior (D:7)
  A sky beast (D:5)
  2 necrophages
  2 ogres
  A centaur (D:6)
  A phantom (D:7)
  3 bullfrogs
  2 scorpions
  A gnoll sergeant (D:5)
  A water moccasin skeleton (D:5)
  An orc priest (D:7)
  A jelly (D:5)
  6 hounds
  2 bullfrog skeletons
  2 iguanas
  A killer bee zombie (D:5)
  A hound skeleton (D:4)
  A howler monkey zombie (D:6)
  Robin (D:3)
  7 gnolls
  13 adders
  A white imp (D:5)
  An ufetubus (D:5)
  A worm (D:2)
  2 dart slugs
  2 orcs (D:7)
  3 ball pythons
  6 bats
  9 endoplasms
  2 giant cockroaches
  11 goblins
  9 hobgoblins
  2 quokkas
  A frilled lizard (D:2)
  5 kobolds
  A rat (D:3)
  2 butterflies (D:4)
115 creatures vanquished.

Vanquished Creatures (collateral kills)
  A hound skeleton (D:4)
1 creature vanquished.

Grand Total: 116 creatures vanquished

Notes
Turn   | Place    | Note
-------+----------+-------------------------------------------
     0 | D:1      | a11behringer the Formicid Fighter began the quest for the
                  | Orb.
     0 | D:1      | Reached XP level 1. HP: 18/18 MP: 1/1
   136 | D:1      | Reached XP level 2. HP: 24/24 MP: 2/2
   145 | D:1      | Found a faded altar of an unknown god.
   506 | D:1      | Reached XP level 3. HP: 27/29 MP: 3/3
  1365 | D:2      | Reached skill level 3 in Long Blades
  1365 | D:2      | Reached XP level 4. HP: 32/37 MP: 4/4
  1482 | D:2      | Found a glowing golden altar of the Shining One.
  1718 | D:3      | Noticed Grinder
  1733 | D:3      | Killed Grinder
  1734 | D:3      | Reached skill level 4 in Long Blades
  1734 | D:3      | Reached XP level 5. HP: 10/42 MP: 5/5
  1734 | D:3      | Reached XP level 6. HP: 11/48 MP: 6/6
  2048 | D:3      | Reached skill level 5 in Long Blades
  2260 | D:3      | Found a transporter.
  2265 | D:3      | Noticed a toenail golem
  2270 | D:3      | Found a transporter.
  2272 | D:3      | Found a one-way gate to the infinite horrors of the Abyss.
  2272 | D:3      | Noticed ddubois's ghost (amateur PaAK)
  2274 | D:3      | Noticed a small abomination
  2285 | D:3      | Noticed a small abomination
  2693 | D:3      | Noticed Robin
  2702 | D:3      | Killed Robin
  2838 | D:4      | Reached XP level 7. HP: 24/54 MP: 7/7
  3546 | D:4      | Found a shimmering blue altar of Sif Muna.
  3572 | D:4      | Reached skill level 6 in Long Blades
  3656 | D:4      | Found a shimmering altar of Xom.
  3896 | D:4      | Reached skill level 5 in Armour
  4148 | D:5      | Entered Level 5 of the Dungeon
  4173 | D:5      | Found an iron altar of Okawaru.
  4178 | D:5      | Identified the +0 chain mail of Lam Ras {rF+ Int+2}
  4186 | D:5      | Became a worshipper of Warmaster Okawaru
  4241 | D:5      | Reached XP level 8. HP: 27/61 MP: 8/8
  4426 | D:5      | Reached skill level 7 in Long Blades
  4437 | D:5      | Identified 3 scrolls of acquirement
  4437 | D:5      | Acquired the +0 buckler of Wu Jian's Grace {rF+ Will+ MP+9
                  | Str-2}
  5068 | D:5      | Reached * piety under Okawaru
  5069 | D:5      | Reached skill level 5 in Shields
  5338 | D:5      | Found a sacrificial altar of Ru.
  5945 | D:6      | Reached skill level 8 in Long Blades
  5954 | D:6      | Reached skill level 5 in Fighting
  5954 | D:6      | Reached XP level 9. HP: 62/68 MP: 9/9
  6132 | D:6      | Reached skill level 1 in Invocations
  6211 | D:6      | Found a bloodstained altar of Trog.
  6406 | D:6      | Found a hide-covered altar of Uskayaw.
  6495 | D:6      | Found a glowing silver altar of Zin.
  6496 | D:6      | Found Zin's Purification Station.
  6733 | D:7      | Acquired a +6 ring of strength
  6920 | D:7      | Found a blossoming altar of Fedhas.
  7307 | D:7      | Reached ** piety under Okawaru
  7399 | D:7      | Found a staircase to the Ecumenical Temple.
  7415 | D:7      | Reached skill level 9 in Long Blades
  7844 | D:8      | Noticed an eight-headed hydra
  8196 | D:8      | HP: 3/68 [nine-headed hydra (13)]
  8198 | D:8      | Slain by a ten-headed hydra

Illustrated notes

Levels and vault maps discovered:
D:1:      dpeg_arrival_tiny_f, layout_rooms,
          hellmonk_ecumenical_altar_crossroads, interstate_on_off,
          due_unseen_surprise
D:2:      layout_loops_ring, basic_altar, minmay_fountain_box
D:3:      layout_basic, gammafunk_ghost_abyssal_escape, uniq_robin, uniq_grinder
D:4:      layout_gridville, xom_butterflies, mainiacjoe_overflow_alcove_2
D:5:      layout_cave_pools, okawaru_metal_pillars_1_2,
          nicolae_ru_the_path_less_chosen
D:6:      layout_basic, amcnicky_altar_gilded, zin_purify, lemuel_doored_altar
D:7:      layout_basic, fedhas_altar_4, minmay_temple_entry_glass
D:8:      layout_loops_ring, kennysheep_little_box

Skill      XL: |  1  2  3  4  5  6  7  8  9 |
---------------+----------------------------+-----
Shields        | 4 5 |  5.8
Long Blades    | 3 4 5 6 8 9 |  9.7
Fighting       | 4 5 |  5.6
Armour         | 4 5 6 7 |  7.0
Invocations    | 3 |  3.3
Dodging        | |  0.6

Action                   |  1- 3 |  4- 6 |  7- 9 || total
-------------------------+-------+-------+-------++-------
Melee: Long sword        |    96 |   111 |   407 ||   614
Invok: Heroism           |       |       |     3 ||     3
 Abil: Dig               |     3 |     2 |     2 ||     7
  Use: Scroll            |     7 |     1 |     6 ||    14
       Potion            |       |     1 |     1 ||     2
Armor: Scale mail        |     4 |       |       ||     4
       Chain mail        |    52 |    48 |       ||   100
       Plate armour      |       |    22 |   195 ||   217
Dodge: Dodged            |    36 |    73 |   235 ||   344
Block: Buckler           |    23 |    33 |   110 ||   166

Table legend: (Time is in decaauts)
 A = Elapsed time spent in this place.
 B = Non-inter-level travel time spent in this place.
 C = Inter-level travel time spent in this place.
 D = Time resting spent in this place.
 E = Time spent auto-exploring this place.
 F = Levels seen in this place.
 G = Mean time per level.
                   A        B        C        D        E       F      G
               +--------+--------+--------+--------+--------+-----+--------+
         Total |   8263 |   7530 |    733 |      0 |   6121 |   8 | 1032.9 |
       Dungeon |   8263 |   7530 |    733 |      0 |   6121 |   8 | 1032.9 |
               +--------+--------+--------+--------+--------+-----+--------+

Top non-repeatable levels by time:
     D:4: 1511 daAuts
     D:5: 1349 daAuts
     D:7: 1155 daAuts
     D:3: 1127 daAuts
     D:6: 1043 daAuts
     D:2: 985 daAuts
     D:1: 767 daAuts
     D:8: 322 daAuts
